 Dungeon Crawl Stone Soup version 0.30-a0-122-g2a1322497e (webtiles) character file.

Game seed: 18262702819085833226

3249 Modus718 the Thaumaturge (level 9, -7/52 HPs)
             Began as a Deep Elf Ice Elementalist on May 11, 2021.
             Was an Initiate of Sif Muna.
             Mangled by a two-headed ogre
             ... wielding a +0 dire flail
              (12 damage)
             ... on level 8 of the Dungeon on Sept 17, 2022.
             The game lasted 01:23:37 (13296 turns).

Modus718 the Thaumaturge (DEIE)                    Turns: 13296, Time: 01:23:38

Health: -7/52      AC: 14    Str:  8    XL:     9   Next: 67%
Magic:  3/23       EV: 15    Int: 21    God:    Sif Muna [......]
Gold:   386        SH: 10    Dex: 15    Spells: 13/24 levels left

rFire   x . .      SeeInvis .    v - +1 rapier (holy)
rCold   + . .      Faith    .    s - +0 buckler
rNeg    . . .      Spirit   .    a - +0 robe
rPois   .          Reflect  +    (no helmet)
rElec   .          Harm     .    J - +2 cloak
rCorr   .          Rampage  .    (no gloves)
Will    +....                    (no boots)
Stlth   ++........               O - amulet of reflection
HPRegen 0.17/turn                k - ring of ice
MPRegen 0.18/turn                o - ring of willpower

@: ice-armoured, freezing walls, slowed, very slow
A: no striking features
a: Renounce Religion


You were on level 8 of the Dungeon.
You worshipped Sif Muna.
Sif Muna was noncommittal.
You visited 2 branches of the dungeon, and saw 9 of its levels.
You also visited: Sewer.

You collected 386 gold pieces.

Inventory:

Hand Weapons
 i - a +1 mace of protection
 n - a +0 dagger
 u - a +1 sling of freezing
 v - a +1 rapier of holy wrath (weapon)
 F - a +2 dagger of venom
 K - a +0 falchion
 L - a +1 vorpal spear
 N - a +0 club
Missiles
 c - a throwing net
 h - 35 poisoned darts
 j - 166 stones
 z - 4 boomerangs of dispersal
 D - 130 arrows
Armour
 a - a +0 robe (worn)
 s - a +0 buckler (worn)
 w - +0 ice dragon scales
 x - a +0 leather armour
 I - a +3 scale mail
 J - a +2 cloak (worn)
 R - +0 steam dragon scales
Jewellery
 b - a ring of protection from cold
 k - a ring of ice (left hand)
 o - a ring of willpower (right hand)
 O - an amulet of reflection (around neck)
 U - a ring of magical power
Wands
 r - a wand of mindburst (17)
 y - a wand of flame (36)
 G - a wand of iceblast (17)
 S - a wand of paralysis (12)
Scrolls
 d - 5 scrolls of teleportation
 m - 3 scrolls of amnesia
 p - 2 scrolls of blinking
 q - 2 scrolls of magic mapping {unknown}
 B - a scroll of fear {unknown}
 C - 2 scrolls of fog {unknown}
 E - a scroll of enchant weapon {unknown}
 M - 2 scrolls of identify
 P - a scroll of immolation {unknown}
 Q - a scroll of brand weapon {unknown}
 T - a scroll of summoning {unknown}
Potions
 e - a potion of curing
 f - a potion of mutation
 g - a potion of might {unknown}
 l - 2 potions of lignification {unknown}
 t - 2 potions of resistance
 A - 2 potions of haste {unknown}
 H - a potion of attraction


   Skills:
 + Level 4.6 Fighting
 + Level 7.7 Dodging
 - Level 3.1 Stealth
 - Level 4.0 Shields
 + Level 8.4 Spellcasting
 - Level 2.4 Conjurations
 + Level 7.9 Ice Magic
 + Level 3.1 Evocations


You had 13 spell levels left.
You knew the following spells:

 Your Spells              Type           Power      Damage    Failure   Level
a - Freeze                Ice            100%       1d11      1%          1
b - Frozen Ramparts       Ice            100%       1d16      1%          3
c - Ozocubu's Armour      Ice            59%        N/A       1%          3
d - Hailstorm             Conj/Ice       46%        3d11      12%         4

Your spell library contained the following spells:

 Spells                   Type           Power      Damage    Failure   Level
 Metabolic Englaciation   Hex/Ice        19%        N/A       45%         5


Dungeon Overview and Level Annotations

Branches:
Dungeon (8/15)             Temple (1/1) D:7           Sewer (visited)
   Lair: D:8-11

Altars:
Ashenzari
Cheibriados
Dithmenos
Elyvilon
Fedhas
Gozag
Hepliaklqana
Kikubaaqudgha
Makhleb
Nemelex Xobeh
Okawaru
Qazlal
Ru
Sif Muna
Trog
Uskayaw
Vehumet
Wu Jian
Xom
Zin
The Shining One

Shops:
D:7 :

Annotations:
D:3 exclusion: downstairs
D:5 exclusion: downstairs, Grinder


Message History

The two-headed ogre hits you with a +0 giant spiked club.
The kobold brigand barely misses you.
Casting: Ozocubu's Armour (safe; 1% risk of failure)
Confirm with . or Enter, or press ? or * to list all spells.
Casting: Frozen Ramparts (safe; 1% risk of failure)
Press: ? - help, Dir - look around, f - activate You feel a surge of power!
The walls around you are covered in ice.
The wall freezes the kobold brigand.
The kobold brigand closely misses you.
The wall freezes the two-headed ogre!
The two-headed ogre closely misses you. The two-headed ogre barely misses you.
The wall freezes the kobold!
You kill the kobold!
Sif Muna accepts your kill.
The wall freezes the kobold brigand.
You kill the kobold brigand!
Sif Muna accepts your kill.
You are too injured to fight recklessly!
You are too injured to fight recklessly!
You feel better.
The wall freezes the two-headed ogre.
The two-headed ogre hits you with a +0 dire flail!
The two-headed ogre hits you with a +0 giant spiked club!
* * * LOW HITPOINT WARNING * * *
Unknown command.
Okay, then.
Your icy armour and frozen ramparts will break if you move.
Continue?
Okay, then.
Casting: Frozen Ramparts (safe; 1% risk of failure)
Confirm with . or Enter, or press ? or * to list all spells.
You don't know that spell.
You can't go down here!
Casting: Frozen Ramparts (safe; 1% risk of failure)
Confirm with . or Enter, or press ? or * to list all spells.
Aiming: Freeze (safe; 1% risk of failure)
Press: ? - help, Shift-Dir - straight line, f - two-headed ogre
Aim: a two-headed ogre, wielding a +0 dire flail and a +0 giant spiked club (lightly wounded)
You feel a surge of power!
You freeze the two-headed ogre.
The two-headed ogre is lightly wounded.
The wall freezes the two-headed ogre!
The two-headed ogre hits you with a +0 dire flail!
You die...

... ........... . #.#
#.......# # #######(#
#.......### #
.......)### ........ .
..........# ##.##.# ##
..........####.....##.##
......................##
......)O).#####.##.#####
#######@### #.#.......
#.# #.#..####. #.#
#.#..# #. ..# #.#..# #.
#.# #.#..# #. #.#
#.#..####. ... #....##.
... #..#.### #.#......)


You could see a two-headed ogre.

Vanquished Creatures
  Eustachio (D:4)
  A steam dragon (D:7)
  Duvessa (D:4)
  A water moccasin (D:6)
  2 orc warriors
  A hornet zombie (D:6)
  2 ice beasts
  2 sky beasts (D:7)
  2 black bears
  A necrophage (D:6)
  2 centaurs (D:7)
  2 phantoms
  2 kobold brigands (D:8)
  2 bullfrogs (Sewer)
  A water moccasin zombie (D:6)
  A scorpion (D:5)
  Dowan (D:4)
  A water moccasin skeleton (D:6)
  A howler monkey (D:5)
  7 hounds
  An orc priest (D:4)
  A bullfrog skeleton (D:4)
  2 gnoll boudas
  Ijyb (D:5)
  6 iguanas
  A scorpion zombie (D:5)
  6 orc wizards
  7 adders
  15 gnolls
  3 ufetubi
  An adder skeleton (D:4)
  An adder zombie (D:5)
  2 worms
  5 dart slugs
  15 orcs
  17 ball pythons
  8 bats
  18 endoplasms
  12 giant cockroaches
  7 goblins
  7 hobgoblins
  8 jackals
  12 quokkas
  10 frilled lizards
  10 kobolds
  2 rats
212 creatures vanquished.

Notes
Turn   | Place    | Note
-------+----------+-------------------------------------------
     0 | D:1      | Modus718 the Deep Elf Ice Elementalist began the quest for
                  | the Orb.
     0 | D:1      | Reached XP level 1. HP: 10/10 MP: 6/6
   254 | D:1      | Reached XP level 2. HP: 14/15 MP: 6/8
   650 | D:1      | Reached XP level 3. HP: 18/19 MP: 5/10
   654 | D:1      | Learned a level 3 spell: Frozen Ramparts
  1935 | D:2      | Reached skill level 4 in Spellcasting
  1935 | D:2      | Reached XP level 4. HP: 17/24 MP: 3/12
  2584 | D:3      | Learned a level 3 spell: Ozocubu's Armour
  2648 | D:3      | Found a glowing drain.
  2696 | D:3      | Reached skill level 1 in Fighting
  2696 | D:3      | Reached skill level 5 in Ice Magic
  2703 | Sewer    | Entered a sewer
  3000 | Sewer    | Reached XP level 5. HP: 27/29 MP: 9/13
  3404 | Sewer    | Reached skill level 5 in Spellcasting
  3404 | Sewer    | Reached XP level 6. HP: 23/35 MP: 2/15
  4245 | D:4      | Noticed Duvessa
  4254 | D:4      | Noticed Dowan
  4421 | D:4      | Noticed Eustachio
  4440 | D:4      | Killed Eustachio
  4441 | D:4      | Reached skill level 1 in Shields
  4441 | D:4      | Reached skill level 1 in Conjurations
  4441 | D:4      | Reached XP level 7. HP: 36/40 MP: 5/17
  4529 | D:4      | Killed Duvessa
  4530 | D:4      | Reached skill level 5 in Dodging
  4539 | D:4      | Killed Dowan
  6200 | D:4      | Reached skill level 6 in Spellcasting
  6363 | D:4      | Reached XP level 8. HP: 42/45 MP: 12/19
  6939 | D:4      | Learned a level 4 spell: Hailstorm
  6973 | D:5      | Entered Level 5 of the Dungeon
  7811 | D:5      | Noticed Ijyb
  7825 | D:5      | Killed Ijyb
  8326 | D:5      | Noticed Grinder
  9373 | D:6      | Reached skill level 7 in Spellcasting
  9537 | D:6      | Reached XP level 9. HP: 52/52 MP: 17/22
  9739 | D:5      | Upgraded the game from 0.27-a0-1144-g0b7d3b79db to
                  | 0.28-a0-1518-gbe868bca14
  9791 | D:5      | Upgraded the game from 0.28-a0-1518-gbe868bca14 to
                  | 0.29-a0-392-g297d3b089c
 10263 | D:6      | Reached skill level 1 in Evocations
 10787 | D:7      | Found Ceukh's Book Shop.
 10912 | D:7      | Found a staircase to the Ecumenical Temple.
 10922 | Temple   | Entered the Ecumenical Temple
 11297 | Temple   | Upgraded the game from 0.29-a0-392-g297d3b089c to
                  | 0.29-a0-416-g83a48905f1
 11742 | Temple   | Became a worshipper of Sif Muna the Loreminder
 11902 | D:7      | Reached skill level 8 in Spellcasting
 12755 | D:7      | Upgraded the game from 0.29-a0-416-g83a48905f1 to
                  | 0.30-a0-118-ga018f8e90f
 12767 | D:7      | Upgraded the game from 0.30-a0-118-ga018f8e90f to
                  | 0.30-a0-122-g2a1322497e
 13284 | D:8      | Noticed a two-headed ogre
 13296 | D:8      | Mangled by a two-headed ogre

Illustrated notes

Levels and vault maps discovered:
D:1:      dpeg_arrival_round_b, layout_loops_ring, minivault_25, chequers_jeans
D:2:      layout_loops_ring
D:3:      layout_basic, gup_sewer_entry_glass
D:4:      minmay_opposing_rooms, layout_cave_pools, uniq_duvessa, uniq_eustachio
D:5:      layout_gridville, uniq_ijyb, uniq_grinder
D:6:      layout_basic
D:7:      layout_loops_ring, minmay_temple_entry_poolview, serial_shops,
          nicolae_shop_hallway_plus
D:8:      layout_basic, kennysheep_mini_moat, enter_bailey_5, uniq_pikel
Temple:   roderic_octagonal_lattice_temple

Skill      XL: |  1  2  3  4  5  6  7  8  9 |
---------------+----------------------------+-----
Stealth        | 3 |  3.1
Dodging        | 3 4 5 6 7 |  7.7
Spellcasting   | 4 5 6 7 8 |  8.4
Fighting       | 1 2 3 4 |  4.6
Ice Magic      | 5 6 7 |  7.9
Shields        | 1 2 4 |  4.0
Conjurations   | 1 2 |  2.4
Evocations     | 3 |  3.1

Action                   |  1- 3 |  4- 6 |  7- 9 || total
-------------------------+-------+-------+-------++-------
Melee: Unarmed           |     2 |       |       ||     2
       Mace              |     5 |       |       ||     5
       Dagger            |       |     6 |       ||     6
       Rapier            |       |     5 |   202 ||   207
Throw: Dart              |       |     1 |     7 ||     8
 Cast: Freeze            |    46 |    55 |    52 ||   153
       Frozen Ramparts   |     5 |    18 |    48 ||    71
       Ozocubu's Armour  |       |     3 |    31 ||    34
       Hailstorm         |       |       |     8 ||     8
  Use: Scroll            |       |       |     9 ||     9
       Potion            |       |       |     1 ||     1
 Stab: Sleeping          |     2 |       |     2 ||     4
Armor: Robe              |    10 |    14 |    63 ||    87
Dodge: Dodged            |    26 |    48 |   185 ||   259
Block: Buckler           |       |       |    59 ||    59
       Reflection        |       |       |     3 ||     3

Table legend: (Time is in decaauts)
 A = Elapsed time spent in this place.
 B = Non-inter-level travel time spent in this place.
 C = Inter-level travel time spent in this place.
 D = Time resting spent in this place.
 E = Time spent auto-exploring this place.
 F = Levels seen in this place.
 G = Mean time per level.
                   A        B        C        D        E       F      G
               +--------+--------+--------+--------+--------+-----+--------+
         Total |  13429 |  13022 |    407 |   3195 |   5985 |  10 | 1342.9 |
       Dungeon |  11673 |  11266 |    407 |   2859 |   5232 |   8 | 1459.1 |
        Temple |    847 |    847 |      0 |    200 |    256 |   1 |  847.0 |
         Sewer |    908 |    908 |      0 |    136 |    497 |   1 |  908.0 |
               +--------+--------+--------+--------+--------+-----+--------+

Top non-repeatable levels by time:
     D:4: 1981 daAuts
     D:5: 1910 daAuts
     D:6: 1747 daAuts
     D:3: 1575 daAuts
     D:7: 1529 daAuts
     D:1: 1377 daAuts
     D:2: 1221 daAuts
   Sewer: 908 daAuts
  Temple: 847 daAuts
     D:8: 331 daAuts
